 Dungeon Crawl Stone Soup version 0.20.1-1-g8b1a95d (webtiles) character file.

3878 Marthos the Ogre Mage (level 10, -12/104 HPs)
             Began as an Ogre Wizard on Dec 6, 2017.
             Was a Follower of Cheibriados.
             Killed from afar by Erica (32 damage)
             ... with a bolt of poison
             ... on level 8 of the Dungeon.
             The game lasted 00:26:18 (12253 turns).

Marthos the Ogre Mage (Ogre Wizard)                Turns: 12253, Time: 00:26:18

Health: -12/104    AC:  6    Str: 16    XL:     10   Next: 19%
Magic:  5/24       EV: 10    Int: 25    God:    Cheibriados [*.....]
Gold:   346        SH:  2    Dex: 12    Spells: 19/30 levels left

rFire    + . .     SeeInvis .   e - staff of conjuration
rCold    + + .     Gourm    .   (no shield)
rNeg     + . .     Faith    .   z - +1 robe {rC+}
rPois    .         Spirit   .   b - +0 hat
rElec    .         Reflect  +   j - scarf {rC+ rF+}
rCorr    .         Harm     .   (gloves unavailable)
MR       +....                  (boots unavailable)
Stlth    ++........             g - +2 amulet of reflection
Regen    0.3/turn               f - ring of positive energy
MPRegen  0.2/turn               (no ring)

@: lethally poisoned (-12 -> -17), very slightly contaminated, very slow
A: unfitting armour, molten scales 1, agile 1, screaming 1, tough skin 1
a: Bend Time, Renounce Religion


You were on level 8 of the Dungeon.
You worshipped Cheibriados.
Cheibriados was aware of your devotion.
You were not hungry.

You visited 2 branches of the dungeon, and saw 9 of its levels.
You also visited: Sewer and Ossuary.

You collected 346 gold pieces.

Inventory:

Hand Weapons
 s - a +0 giant spiked club
 t - a +1 spear of venom
Missiles
 x - 3 large rocks (quivered)
Armour
 b - a +0 hat (worn)
 j - a scarf of resistance (worn)
 z - a +1 robe of cold resistance (worn)
Magical Staves
 e - an uncursed staff of conjuration (weapon)
Jewellery
 f - a ring of positive energy (left hand)
 g - a +2 amulet of reflection (around neck)
Wands
 r - a wand of flame (21/48)
 A - a wand of digging (11/24)
 E - a wand of enslavement (12/24)
 G - a wand of polymorph (12/24)
 J - a wand of polymorph (9/24)
 M - a wand of iceblast (3/15)
Scrolls
 k - 4 scrolls of enchant weapon
 m - 5 scrolls of identify
 o - 9 scrolls of remove curse
 v - a scroll of blinking
 w - 4 scrolls of amnesia
 y - a scroll of recharging
 B - a scroll of magic mapping {unknown}
 C - a scroll of random uselessness {unknown}
 D - 2 scrolls of teleportation {unknown}
 K - a scroll of silence {unknown}
 L - a scroll of enchant armour {unknown}
Potions
 a - a potion of agility
 i - 2 potions of flight
 n - a potion of invisibility {unknown}
 u - 7 potions of curing
 F - 3 potions of haste
 H - a potion of cancellation {unknown}
 I - a potion of berserk rage {unknown}
Books
 c - a book of Minor Magic

   Spells                             Type                      Level
   a - Magic Dart                     Conjuration                  1
   b - Blink                          Translocation                2
   c - Call Imp                       Summoning                    2
   d - Slow                           Hexes                        2
   e - Conjure Flame                  Conjuration/Fire             3
   f - Mephitic Cloud                 Conjuration/Poison/Air       3
 N - a book of Geomancy

   Spells                             Type                      Level
   a - Sandblast                      Earth                        1
   b - Passwall                       Transmutation/Earth          2
   c - Stone Arrow                    Conjuration/Earth            3
   d - Petrify                        Transmutation/Earth          4
   e - Lee's Rapid Deconstruction     Earth                        5
Comestibles
 d - 5 bread rations
 l - 6 meat rations
 p - 10 fruits
 q - 3 royal jellies


   Skills:
 + Level 8.1 Fighting
 - Level 1.7 Dodging
 - Level 1.4 Stealth
 * Level 10.6 Spellcasting
 * Level 8.4 Conjurations
 - Level 0.8 Summonings
 - Level 0.8 Translocations


You had 19 spell levels left.
You knew the following spells:

 Your Spells              Type           Power        Failure   Level  Hunger
a - Magic Dart            Conj           ####         1%          1    None
b - Blink                 Tloc           N/A          4%          2    None
c - Call Imp              Summ           ###.....     4%          2    None
d - Mephitic Cloud        Conj/Pois/Air  #####...     4%          3    None
e - Conjure Flame         Conj/Fire      ######..     2%          3    None


Dungeon Overview and Level Annotations

Branches:
Dungeon (8/15)             Temple (1/1) D:6
   Lair: D:8-11

Altars:
Ashenzari
Cheibriados
Dithmenos
Elyvilon
Fedhas
Gozag
Hepliaklqana
Makhleb
Nemelex Xobeh
Okawaru
Qazlal
Ru
Sif Muna
Trog
Uskayaw
Vehumet
Xom
Yredelemnul
Zin
The Shining One

Shops:
D:5 (

Annotations:
D:8 Erica, Maurice


Innate Abilities, Weirdness & Mutations

You are too large for most types of armour.
You have tough skin. (AC +1)
You are partially covered in molten scales. (AC +2)
You are agile. (Dex +2)
You occasionally shout uncontrollably at your foes.


Message History

Erica flickers and vanishes!
The kobold hits you with a dagger.
* * * LOW HITPOINT WARNING * * *
A kobold comes into view.
You feel yourself slow down.
A big kobold comes into view. It is wielding a club.
You feel yourself speed up.
The big kobold shouts!
The kobold hits you.
* * * LOW HITPOINT WARNING * * *
Maurice mumbles some strange words.
Maurice blinks!
The kobold barely misses you. The kobold hits you.
* * * LOW HITPOINT WARNING * * *
The kobold throws a stone.
The stone hits you but does no damage.
You hear some strange, mumbled words.
A bolt of poison appears from out of thin air!
The bolt of poison hits the kobold.
The kobold dies!
The bolt of poison hits you!
You are poisoned.
You die...

####.......#
#.#K###.# # #K#
#.# #.#g# #.. .#
#.#.# #.## #.#
#.#K# #.# #.#
#.#.###.# #.#
#..K....####.#
#.#
#..K@..<.....#
##### #.#
#...###.####.#
....#####.###>.##
#.#
...@...(.......#
#.#
###.#####.##ยง#.#
#<#
###.#####.#.##.#
#.#
...............#
#..
......###.####.#
### ..###.#...#
#.#


You could see a big kobold, a gnoll (wandering) and 4 kobolds.

Vanquished Creatures
  A two-headed ogre (D:8)
  The ghost of Frank the Slasher, a novice OpFi (D:6)
  Prince Ribbit (D:5)
  A water moccasin (D:7)
  2 ice beasts
  An eye of draining (D:8)
  A sky beast (D:8)
  The ghost of Lanoc the Vexing, an amateur FeEn (D:4)
  An ogre (D:7)
  A centaur (D:7)
  Blork the orc (D:5)
  A big kobold (Sewer)
  5 bullfrogs
  A gnoll sergeant (D:8)
  Dowan (D:5)
  2 water moccasin zombies (Ossuary)
  3 scorpions
  The ghost of Musashi the Chopper, a weakling MiBe of Trog (D:3)
  A howler monkey (D:6)
  3 hounds
  2 centaur zombies (D:5)
  2 jellies
  2 orc priests
  2 orc wizards
  Ijyb (D:4)
  4 worker ants (D:4)
  2 iguanas
  4 big kobold zombies (Ossuary)
  2 mummies (Ossuary)
  12 gnolls
  3 howler monkey skeletons
  7 adders
  A river rat (Sewer)
  4 shadow imps
  An ooze (D:4)
  2 adder skeletons (D:4)
  4 adder zombies (Ossuary)
  4 worms
  3 dart slugs
  5 leopard geckos
  19 orcs
  11 giant cockroaches
  2 gnoll zombies (Ossuary)
  6 goblins
  7 hobgoblins
  16 jackals
  10 kobolds
  6 quokkas
  4 ball pythons
  8 bats
  2 frilled lizards
  A giant cockroach zombie (D:5)
  4 hobgoblin zombies (Ossuary)
  4 kobold zombies (Ossuary)
  5 orc zombies (Ossuary)
  A quokka skeleton (D:6)
  A quokka zombie (D:8)
  7 rats
  A rat zombie (D:8)
212 creatures vanquished.

Vanquished Creatures (collateral kills)
  Edmund (D:6)
  Duvessa (D:5)
  A water moccasin (D:5)
  An ogre (D:7)
  A crimson imp (D:5)
5 creatures vanquished.

Vanquished Creatures (others)
  An orc (D:4)
  A kobold (D:8)
2 creatures vanquished.

Grand Total: 219 creatures vanquished

Notes
Turn   | Place    | Note
-------+----------+-------------------------------------------
     0 | D:1      | Marthos the Ogre Wizard began the quest for the Orb.
     0 | D:1      | Reached XP level 1. HP: 16/16 MP: 5/5
    17 | D:1      | Reached skill level 1 in Conjurations
   138 | D:1      | Reached XP level 2. HP: 11/26 MP: 6/6
   350 | D:1      | Reached skill level 1 in Fighting
   845 | D:1      | Reached skill level 4 in Spellcasting
  1411 | D:2      | Reached XP level 3. HP: 25/33 MP: 8/8
  2726 | D:2      | Found an opulent altar of Gozag.
  2921 | D:3      | Reached XP level 4. HP: 42/42 MP: 10/10
  2998 | D:3      | Noticed a bullfrog
  3007 | D:3      | Killed a bullfrog
  3007 | D:3      | Reached XP level 5. HP: 38/50 MP: 12/12
  3022 | D:3      | Gained mutation: You are agile. (Dex +2) [potion of mutation]
  3022 | D:3      | Gained mutation: You occasionally shout uncontrollably at your foes. [potion of mutation]
  3022 | D:3      | Gained mutation: You are partially covered in molten scales. (AC +2) [potion of mutation]
  3417 | D:3      | Noticed Musashi's ghost (weakling MiBe)
  3437 | D:3      | Killed Musashi's ghost
  3437 | D:3      | Reached skill level 5 in Spellcasting
  3773 | D:3      | Reached XP level 6. HP: 61/61 MP: 7/14
  4215 | D:4      | Reached skill level 6 in Spellcasting
  4272 | D:4      | Noticed Ijyb
  4307 | D:4      | Killed Ijyb
  4428 | D:4      | Found a deep blue altar of Sif Muna.
  4436 | D:4      | Reached XP level 7. HP: 60/68 MP: 10/16
  4529 | D:4      | Found a glowing drain.
  4552 | Sewer    | Entered a sewer
  4816 | Sewer    | Found a white marble altar of Elyvilon.
  4873 | D:4      | Noticed Lanoc's ghost (amateur FeEn)
  4882 | D:4      | Killed Lanoc's ghost
  5274 | D:4      | Reached skill level 7 in Spellcasting
  5758 | D:5      | Entered Level 5 of the Dungeon
  5768 | D:5      | Reached XP level 8. HP: 78/79 MP: 8/18
  5835 | D:5      | Noticed Prince Ribbit
  5844 | D:5      | HP: 3/79 [Prince Ribbit (16)]
  5875 | D:5      | Found a radiant altar of Vehumet.
  6175 | D:4      | Learned a level 2 spell: Blink
  6178 | D:4      | Learned a level 2 spell: Call Imp
  6182 | D:4      | Learned a level 3 spell: Mephitic Cloud
  6254 | D:4      | Reached skill level 5 in Fighting
  6262 | D:4      | HP: 2/80 [gnoll/spear (7)]
  6295 | D:4      | Reached skill level 5 in Conjurations
  6924 | D:5      | Killed Prince Ribbit
  7028 | D:5      | Found Qaasihod's Antique Weapon Emporium.
  7292 | D:5      | Noticed Duvessa
  7297 | D:5      | Noticed Dowan
  7376 | D:4      | Reached skill level 8 in Spellcasting
  7671 | D:5      | Killed Duvessa
  7677 | D:5      | Killed Dowan
  7770 | D:5      | Noticed Blork the orc
  7783 | D:5      | Killed Blork the orc
  8094 | D:6      | Reached XP level 9. HP: 80/91 MP: 6/21
  8238 | D:6      | Found a glowing silver altar of Zin.
  8375 | D:6      | Found a staircase to the Ecumenical Temple.
  8381 | Temple   | Entered the Ecumenical Temple
  8558 | D:6      | Noticed Edmund
  8567 | D:6      | Noticed Frank's ghost (novice OpFi)
  8578 | D:6      | Killed Edmund
  8578 | D:6      | Reached skill level 9 in Spellcasting
  8958 | D:6      | Found a snail-covered altar of Cheibriados.
  8972 | D:6      | Became a worshipper of Cheibriados the Contemplative
  9132 | D:6      | Killed Frank's ghost
 10294 | D:8      | Found a sand-covered staircase.
 10307 | Ossuary  | Entered an ossuary
 10461 | Ossuary  | Learned a level 3 spell: Conjure Flame
 10652 | Ossuary  | Reached * piety under Cheibriados
 10973 | Ossuary  | Reached skill level 10 in Spellcasting
 11589 | D:8      | Noticed a two-headed ogre
 11663 | D:8      | Killed a two-headed ogre
 11663 | D:8      | Reached XP level 10. HP: 21/104 MP: 5/24
 12057 | D:8      | Found a shadowy altar of Dithmenos.
 12187 | D:8      | Noticed Erica
 12247 | D:8      | Noticed Maurice
 12253 | D:8      | Killed from afar by Erica

Skill      XL: |  1  2  3  4  5  6  7  8  9 |
---------------+----------------------------+-----
Conjurations   | 1 2 3 4 6 8 |  8.4
Fighting       | 1 2 3 4 6 8 |  8.1
Spellcasting   | 4 5 6 7 8 10 | 10.6
Dodging        | |  1.7
Stealth        | |  1.4
Summonings     | |  0.8
Translocations | |  0.8

Action                   |  1- 3 |  4- 6 |  7- 9 | 10-12 || total
-------------------------+-------+-------+-------+-------++-------
Melee: Mace              |   114 |       |       |       ||   114
       Spear             |     8 |    62 |    12 |       ||    82
       Staff             |       |     4 |    98 |    10 ||   112
 Cast: Magic Dart        |    50 |    78 |   570 |    56 ||   754
       Call Imp          |       |       |    46 |       ||    46
       Conjure Flame     |       |       |     6 |     4 ||    10
       Blink             |       |       |       |     2 ||     2
  Use: Scroll            |       |     6 |     1 |     1 ||     8
       Potion            |       |     4 |     5 |     4 ||    13
  Eat: Chunk             |     5 |     6 |    14 |       ||    25
       Bread ration      |       |       |     1 |       ||     1
       Fruit             |       |       |     1 |       ||     1
       Meat ration       |       |       |       |     1 ||     1
Armor: Robe              |    67 |    24 |   120 |     6 ||   217
       Skin              |       |       |     7 |       ||     7
Dodge: Dodged            |    80 |    54 |   179 |    12 ||   325
Block: Other             |    10 |     8 |    25 |       ||    43
       Reflection        |       |       |     2 |       ||     2
